 Dungeon Crawl Stone Soup version 0.25-a0-661-g55ea3d2053 (webtiles) character file.

Game seed: 4889442842425301937, levelgen mode: deterministic

1382 Esekla the Sneak (level 8, 0/51 HPs)
             Began as an Octopode Venom Mage on Mar 23, 2020.
             Was a Believer of Vehumet.
             Slain by an orc warrior
             ... wielding a +2 battleaxe of flaming
              (12 damage)
             ... on level 6 of the Dungeon.
             The game lasted 00:42:09 (5553 turns).

Esekla the Sneak (Octopode Venom Mage)              Turns: 5553, Time: 00:42:12

Health: 0/51       AC:  1    Str:  9    XL:     8   Next: 67%
Magic:  13/15      EV: 15    Int: 21    God:    Vehumet [**....]
Gold:   244        SH:  0    Dex: 12    Spells: 10/16 levels left

rFire    . . .     SeeInvis .   v - +1 dagger (venom)
rCold    . . .     Gourm    .   (no shield)
rNeg     . . .     Faith    .   (helmet restricted)
rPois    .         Spirit   .   B - amulet of regeneration
rElec    .         Reflect  .   C - ring "Qob Hegg" {Int+3 Stlth+}
rCorr    .         Harm     .   (no ring)
MR       .....                  (no ring)
Stlth    +++++.....             (no ring)
HPRegen  0.57/turn              (no ring)
MPRegen  0.14/turn              (no ring)
                                (no ring)
                                (no ring)

@: no status effects
A: almost no armour, stealthy swim, amphibious, 8 rings, constrict 8, camouflage
1, gelatinous body 1
a: Renounce Religion


You were on level 6 of the Dungeon.
You worshipped Vehumet.
Vehumet was pleased with you.
You were not hungry.

You visited 2 branches of the dungeon, and saw 8 of its levels.
You also visited: Sewer.

You collected 244 gold pieces.

Inventory:

Hand Weapons
 h - a +2 short sword of holy wrath
 l - a +0 long sword
 v - a +1 dagger of venom (weapon)
Missiles
 d - 118 poisoned darts (quivered)
 n - 5 boomerangs
 I - 5 javelins
Armour
 s - a cursed +0 buckler
Jewellery
 B - an amulet of regeneration (around mantle)
 C - the ring "Qob Hegg" (left tentacle) {Int+3 Stlth+}
   (You found it on level 5 of the Dungeon)

   [ring of stealth]

   It affects your intelligence (+3).
   It makes you more stealthy.
 G - an uncursed amulet of rage {unknown}
Wands
 m - a wand of digging (9)
 o - a wand of clouds (7)
Scrolls
 a - a scroll of magic mapping {unknown}
 g - 2 scrolls of amnesia {unknown}
 i - 2 scrolls of remove curse {unknown}
 k - 8 scrolls of teleportation
 p - 5 scrolls of fear {unknown}
 q - a scroll of random uselessness {unknown}
 u - 2 scrolls of fog {unknown}
 x - 2 scrolls of noise {unknown}
 y - a scroll of blinking {unknown}
 E - a scroll of immolation {unknown}
 F - 3 scrolls of enchant armour {unknown}
Potions
 c - 4 potions of curing
 e - 2 potions of flight
 f - 4 potions of heal wounds
 j - 2 potions of lignification
 r - a potion of brilliance
 t - a potion of cancellation
 w - 3 potions of magic
 z - a potion of resistance {unknown}
 A - a potion of degeneration {unknown}
 D - 2 potions of ambrosia {unknown}
 H - a potion of mutation {unknown}
Comestibles
 b - 11 rations


   Skills:
 * Level 2.8 Fighting
 + Level 2.3(2.4) Short Blades
 + Level 1.0(1.8) Long Blades
 + Level 0.8 Throwing
 * Level 4.5 Dodging
 + Level 5.7 Stealth
 * Level 4.7 Spellcasting
 * Level 2.9 Conjurations
 - Level 1.0 Transmutations
 * Level 3.2 Air Magic
 + Level 5.3 Poison Magic


You had 10 spell levels left.
You knew the following spells:

 Your Spells              Type           Power        Failure   Level  Hunger
a - Sting                 Tmut/Pois      ###.         3%          1    None
c - Mephitic Cloud        Conj/Pois/Air  ###.....     7%          3    ##.....
v - Poisonous Vapours     Pois/Air       ###...       3%          2    #......

Your spell library contained the following spells:

 Spells                   Type           Power        Failure   Level  Hunger
 Freeze                   Ice            #...         11%         1    None
 Olgreb's Toxic Radiance  Pois           ####....     12%         4    ####...
 Ignite Poison            Fire/Tmut/Pois ##......     14%         3    ##.....


Dungeon Overview and Level Annotations

Branches:
Dungeon (7/15)             Temple (1/1) D:5           Sewer (visited)

Altars:
Dithmenos
Okawaru
Ru
Vehumet

Annotations:
D:3 2 transporters


Innate Abilities, Weirdness & Mutations

You cannot wear most types of armour.
You are very stealthy in the water. (Stealth+)
You are amphibious.
You can wear up to eight rings at the same time.
You can use your tentacles to constrict eight enemies at once.
Your skin changes colour to match your surroundings (Stealth+).
Your rubbery body absorbs attacks. (AC +1, EV +1)


Message History

You bump into the rock wall.
You feel sick. The orc barely misses you.
You bump into the rock wall.
The orc closely misses you.
You feel better. The orc warrior barely misses you. The orc hits you.
You hit the orc.
The orc is poisoned.
You grab the orc.
The orc is lightly wounded.
You constrict the orc. The orc hits you.
You hit the orc but do no damage.
The orc looks as sick as possible!
You squeeze the orc.
The orc is heavily wounded.
You constrict the orc.
You kill the orc!
Vehumet accepts your kill.
You hit the scorpion. Your grab misses the scorpion.
The scorpion is lightly wounded.
The scorpion misses you.
The orc warrior gestures wildly.
The orc warrior hits you with a +2 battleaxe of flaming!!
* * * LOW HITPOINT WARNING * * *
The orc warrior burns you!
You die...

#.#####............##.# ######.#
#.#.........######.##.# #.#
#.#...................# #..
#.....#.###.#.####.#### ###
#...........#.# #.############
##....#.......# #.........<..#
####..#..#####.# #.##########.#
.....###...###.####.##########.##
####..#..#....5s@o.....##........
#....#.#####.####.##...........
###....#.#####.####.###.....#####
#...................###.###>#
#.......................# #.#
#.......###############.###.#
###...### #.....# #...# #######
#####


You could see an orc warrior (confused), a scorpion and a crimson imp.

Vanquished Creatures
  Duvessa (D:6)
  An ice beast (D:6)
  An ogre (D:6)
  A sky beast (D:2)
  A centaur (D:4)
  A big kobold (Sewer)
  Dowan (D:6)
  2 scorpions
  A centaur zombie (D:5)
  3 crimson imps
  A jelly (D:5)
  A gnoll shaman (D:4)
  A hound (D:4)
  2 orc wizards (D:4)
  2 iguanas
  2 bullfrog skeletons (D:4)
  2 worker ants (D:4)
  A hound zombie (D:5)
  A worker ant zombie (D:5)
  6 adders
  4 gnolls (D:4)
  2 howler monkey skeletons (D:5)
  A river rat (Sewer)
  3 shadow imps
  3 oozes
  An adder skeleton (D:6)
  5 worms
  3 dart slugs
  3 leopard geckos
  4 orcs
  7 ball pythons
  7 bats
  5 giant cockroaches
  4 goblins
  8 hobgoblins
  6 jackals
  A quokka (D:5)
  3 frilled lizards
  14 kobolds
  A quokka zombie (D:6)
  12 rats
129 creatures vanquished.

Notes
Turn   | Place    | Note
-------+----------+-------------------------------------------
     0 | D:1      | Esekla the Octopode Venom Mage began the quest for the Orb.
     0 | D:1      | Reached XP level 1. HP: 11/11 MP: 3/3
   206 | D:1      | Reached XP level 2. HP: 15/17 MP: 5/5
   212 | D:1      | Learned a level 2 spell: Poisonous Vapours
   642 | D:2      | Reached XP level 3. HP: 21/21 MP: 3/6
   648 | D:2      | Learned a level 3 spell: Mephitic Cloud
   941 | D:2      | Noticed a sky beast
   951 | D:2      | Killed a sky beast
   951 | D:2      | Reached skill level 1 in Fighting
   951 | D:2      | Reached skill level 1 in Air Magic
   951 | D:2      | Reached XP level 4. HP: 19/28 MP: 0/8
   951 | D:2      | Reached XP level 5. HP: 22/33 MP: 0/9
  1212 | D:1      | Reached skill level 1 in Conjurations
  1579 | D:3      | Found a shadowy altar of Dithmenos.
  1584 | D:3      | Found a radiant altar of Vehumet.
  1584 | D:3      | Found an iron altar of Okawaru.
  1588 | D:3      | Found a sacrificial altar of Ru.
  1616 | D:3      | Found a transporter.
  1837 | D:3      | Became a worshipper of Vehumet
  1977 | D:3      | Found a transporter.
  2089 | D:3      | Found a glowing drain.
  2177 | Sewer    | Entered a sewer
  2183 | Sewer    | Noticed a big kobold
  2196 | Sewer    | Killed a big kobold
  2196 | Sewer    | Reached skill level 1 in Short Blades
  2196 | Sewer    | Reached XP level 6. HP: 33/38 MP: 5/10
  2521 | Sewer    | Reached * piety under Vehumet
  2521 | Sewer    | Offered knowledge of Foxfire by Vehumet.
  3081 | D:4      | Reached XP level 7. HP: 44/44 MP: 8/12
  3781 | D:5      | Entered Level 5 of the Dungeon
  3943 | D:5      | Reached skill level 5 in Poison Magic
  4097 | D:5      | Reached XP level 8. HP: 50/50 MP: 14/14
  4167 | D:5      | Found a staircase to the Ecumenical Temple.
  4172 | D:5      | Got a warped amber ring
  4173 | D:5      | Identified the ring "Qob Hegg" {Int+3 Stlth+} (You found it
                  | on level 5 of the Dungeon)
  4318 | Temple   | Entered the Ecumenical Temple
  4445 | D:5      | Reached ** piety under Vehumet
  4648 | D:6      | Offered knowledge of Freeze by Vehumet.
  4776 | D:6      | Reached skill level 5 in Stealth
  5230 | D:6      | Noticed Duvessa
  5231 | D:6      | Noticed Dowan
  5258 | D:6      | Killed Duvessa
  5258 | D:6      | Reached skill level 1 in Long Blades
  5343 | D:6      | Killed Dowan
  5553 | D:6      | Slain by an orc warrior

Levels and vault maps discovered:
D:1:      mrwooster_arrival_arrow, layout_rooms, minmay_heptomino_w4
D:2:      layout_loops_ring, first_ration
D:3:      gammafunk_wand_slinger, layout_rooms, grunt_temple_overflow_open,
          portal_sewer_entry_b
D:4:      layout_basic, minmay_misc_feat_secret_circle, hangedman_decor_push,
          amethyst_killhole
D:5:      layout_loops_ring, minmay_temple_entry_waves,
          kennysheep_generic_room_8
D:6:      layout_loops_ring, uniq_duvessa
D:7:      layout_basic, serial_shops, nicolae_shop_trees, uniq_prince_ribbit1
Temple:   dpeg_five_rooms_temple

Skill      XL: |  1  2  3  4  5  6  7  8 |
---------------+-------------------------+-----
Poison Magic   | 4 5 |  5.3
Fighting       | 1 2 |  2.8
Stealth        | 3 4 5 |  5.7
Air Magic      | 1 2 3 |  3.2
Spellcasting   | 3 4 |  4.7
Conjurations   | 1 2 |  2.9
Short Blades   | 1 2 |  2.3
Dodging        | 3 4 |  4.5
Long Blades    | 1 |  1.0
Throwing       | |  0.8
Transmutations | |  1.0

Action                   |  1- 3 |  4- 6 |  7- 9 || total
-------------------------+-------+-------+-------++-------
Melee: Short sword       |    34 |    60 |    64 ||   158
       Constrict         |     9 |    18 |    22 ||    49
       Tentacles         |     5 |     8 |    13 ||    26
       Unarmed           |     1 |       |       ||     1
       Long sword        |       |    13 |    25 ||    38
       Dagger            |       |       |     6 ||     6
Throw: Dart              |       |    20 |     6 ||    26
       Boomerang         |       |     2 |       ||     2
 Cast: Sting             |     4 |       |       ||     4
       Poisonous Vapours |    16 |    25 |    31 ||    72
       Mephitic Cloud    |       |     6 |     6 ||    12
  Use: Scroll            |       |     8 |       ||     8
       Potion            |       |       |     2 ||     2
 Stab: Sleeping          |     7 |    12 |    16 ||    35
       Confused          |       |     1 |     4 ||     5
  Eat: Chunk             |       |     8 |    10 ||    18
Armor: Skin              |     8 |     5 |     4 ||    17
Dodge: Dodged            |    33 |    38 |    66 ||   137
       Rpst.: Long sword |       |     1 |     6 ||     7

Table legend:
 A = Non-vault XP
 B = Vault XP
 C = Vault XP percentage of total XP
 D = Non-vault monster count
 E = Vault monster count
 F = Vault count percentage of total count
                 A         B        C        D         E       F
            +---------+---------+-------+---------+---------+-------
      Total |    1570 |     405 |  20.5 |      96 |      33 |  25.6
            +---------+---------+-------+---------+---------+-------
        D:1 |      24 |      11 |  31.4 |      14 |       7 |  33.3
        D:2 |     162 |       0 |   0.0 |      16 |       0 |   0.0
        D:3 |      48 |       4 |   7.7 |      16 |       3 |  15.8
        D:4 |     615 |       0 |   0.0 |      23 |       0 |   0.0
        D:5 |     264 |       3 |   1.1 |      14 |       1 |   6.7
        D:6 |     457 |     218 |  32.3 |      13 |       2 |  13.3
      Sewer |       0 |     169 | 100.0 |       0 |      20 | 100.0
            +---------+---------+-------+---------+---------+-------
